 Dungeon Crawl Stone Soup version 0.31-a0-889-g1a8549509d (webtiles) character file.

Game seed: 17348775317807549090

2177 protoss039 the Digger (level 9, 68/68 HPs)
             Began as a Demonspawn Earth Elementalist on Oct 15, 2023.
             Was a Follower of Vehumet.
             Got out of the dungeon alive.
             The game lasted 00:16:29 (7695 turns).

protoss039 the Digger (DsEE)                        Turns: 7695, Time: 00:16:29

Health: 68/68      AC:  8    Str: 15    XL:     9   Next: 11%
Magic:  16/16      EV: 12    Int: 20    God:    Vehumet [*.....]
Gold:   515        SH:  5    Dex: 22    Spells: 12/18 levels left

rFire   + + .        z - +2 falchion (heavy)
rCold   . . .        s - +0 buckler
rNeg    . . .        d - +1 ring mail of Zin's Benevolence {rElec rF++ Dex+8}
rPois   .            (no helmet)
rElec   +            g - +0 cloak
rCorr   +            (no gloves)
SInv    .            (no boots)
Will    .....        (no amulet)
Stlth   ++           m - +6 ring of strength
HPRegen 0.31/turn    u - ring of resist corrosion
MPRegen 0.30/turn

%: no passive effects
@: no status effects
A: hooves 2, demonic guardian 1, magic regeneration, sturdy frame 1
a: Renounce Religion


You escaped.
You worshipped Vehumet.
Vehumet was aware of your devotion.
You visited 2 branches of the dungeon, and saw 7 of its levels.
You also visited: Sewer and Ossuary.

You collected 515 gold pieces.

Inventory:

Hand Weapons
 v - a +0 dagger of speed
 z - a +2 heavy falchion (weapon)
Armour
 d - the +1 ring mail of Zin's Benevolence (worn) {rElec rF++ Dex+8}
   (You found it on level 4 of the Dungeon)

   Dex+8:     It affects your dexterity (+8).
   rF++:      It greatly protects you from fire.
   rElec:     It insulates you from electricity.
 g - a +0 cloak (worn)
 s - a +0 buckler (worn)
Jewellery
 m - a +6 ring of strength (left hand)
 u - a ring of resist corrosion (right hand)
 C - a ring of ice
Talismans
 f - a talisman of death
Wands
 x - a wand of iceblast (10)
Scrolls
 a - 2 scrolls of blinking {unknown}
 e - a scroll of noise {unknown}
 i - 2 scrolls of amnesia
 j - 3 scrolls of teleportation
 l - a scroll of identify
 o - a scroll of immolation
 t - a scroll of revelation {unknown}
 y - a scroll of fear {unknown}
 A - a scroll of torment {unknown}
 B - a scroll of poison {unknown}
Potions
 b - 4 potions of magic
 c - a potion of might {unknown}
 h - 2 potions of brilliance {unknown}
 k - 4 potions of curing
 n - 4 potions of heal wounds
 p - 2 potions of enlightenment {unknown}
 q - 2 potions of lignification {unknown}
 r - a potion of resistance {unknown}
 w - 3 potions of attraction


   Skills:
 + Level 5.2 Fighting
 * Level 4.8 Armour
 - Level 3.0 Dodging
 - Level 1.7 Stealth
 * Level 2.0 Shields
 + Level 5.2 Spellcasting
 + Level 3.7 Conjurations
 - Level 1.0 Transmutations
 + Level 5.4 Earth Magic


You had 12 spell levels left.
You knew the following spells:

 Your Spells              Type           Power      Damage    Failure   Level
a - Sandblast             Erth           54%        2d13      2%          1
b - Passwall              Tmut/Erth      15%        N/A       9%          2
c - Stone Arrow           Conj/Erth      46%        3d9       10%         3

Your spell library contained the following spells:

 Spells                   Type           Power      Damage    Failure   Level
 Freeze                   Ice            20%        1d4       22%         1
 Momentum Strike          Conj/Tloc      24%        3d8       14%         2
 Apportation              Tloc           10%        N/A       22%         1
 Necrotise                Necr           20%        1d5       22%         1
 Summon Small Mammal      Summ           20%        N/A       22%         1
 Brom's Barrelling Bould  Conj/Erth      23%        2d4       30%         4
 Blink                    Tloc           10%        N/A       32%         2
 Lesser Beckoning         Tloc           10%        N/A       32%         2
 Petrify                  Tmut/Erth      18%        N/A       50%         4
 Animate Dead             Necr           5%         N/A       91%         4
 Haunt                    Necr/Summ      2%         N/A       100%        7
 Infestation              Necr           2%         N/A       100%        8


Dungeon Overview and Level Annotations

Branches:
Dungeon (6/15) Zot: 25782  Temple (1/1) D:5 Zot: 5975   Sewer (visited)
Ossuary (visited)

Altars:
Ashenzari
Cheibriados
Dithmenos
Fedhas
Gozag
Hepliaklqana
Kikubaaqudgha
Makhleb
Nemelex Xobeh
Okawaru
Qazlal
Ru
Sif Muna
Trog
Uskayaw
Vehumet
Wu Jian
Xom
Yredelemnul

Shops:
D:2 (


Innate Abilities, Weirdness & Mutations

You have hoof-like feet.
A weak demonic guardian rushes to your aid.
You regenerate magic rapidly.
Your movements are slightly less encumbered by armour. (ER -2)


Message History

Key pressed, stopping explore.
Done exploring.
Done exploring.
Done exploring.
Done exploring.
Search for what [Enter for "."]? .
There is a stone staircase leading up here.
What level of the Dungeon? (default 6, ? - help)
You climb upwards.
There is a stone staircase leading down here.
A dart slug is nearby!
You slash the dart slug! You kick the dart slug.
You kill the dart slug!
Vehumet accepts your kill.
What level of the Dungeon? (default 1, ? - help)
Okay, then.
What level of the Dungeon? (default 1, ? - help)
There is a stone staircase leading up here.
You climb upwards.
There is a stone staircase leading down here.
There is a stone staircase leading up here.
You climb upwards.
There is a stone staircase leading down here.
There is an open door here.
There is an open door here.
Things that are here:
a +0 chain mail; a +0 club
There is an open door here.
Things that are here:
a +0 flail; a +0 short sword You see here a +0 flail.
There is a stone staircase leading up here.
You climb upwards.
There is a stone staircase leading down here.
There is a stone staircase leading up here.
You climb upwards.
There is a stone staircase leading down here.
There is an open door here.
There is a staircase leading out of the dungeon here.
You have escaped!

......###(#+#.#...##..#.#........
##....# #.#.#.#..##...#.#†####...
#.....###.#.#.#..#....#.#.# #...
..............#..#.8..#.#.# ##+#
..........#.###..#....#.#.#####.#
..........#.# #..##...#.#.#.....#
#...........###(..##..#.#.#.#####
###########...#....#..#.#.#.#
......# ###.'.@..'....#.#.#
#..##.# ###....#........# #...#.#
#...##....#.####### ##..#.#
#..##.............. ....#>#
#..#.....#..####### ###.#.#
#..#.8......# ###.#'##
#..#....#...# .......#
#..##...#...# .......#
#...##..#...#


There were no monsters in sight!

Vanquished Creatures
  4 ice beasts
  An ogre (D:6)
  3 centaurs
  A gnoll sergeant (D:6)
  8 scorpions
  A quasit (D:4)
  2 hounds
  A sleepcap (D:6)
  2 orc priests
  5 iguanas
  4 orc wizards
  8 mummies (Ossuary)
  9 gnolls
  2 river rats (Sewer)
  13 adders
  2 shadow imps (D:6)
  4 white imps
  3 ufetubi
  3 worms
  3 dart slugs
  22 orcs
  5 endoplasms
  3 giant cockroaches
  11 goblins
  5 hobgoblins
  14 jackals
  4 quokkas
  7 ball pythons
  7 bats
  4 frilled lizards
  2 hobgoblin zombies (Ossuary)
  8 kobolds
  3 kobold zombies (Ossuary)
  3 orc zombies (Ossuary)
  8 rats
  2 rat zombies (D:4)
187 creatures vanquished.

Notes
Turn   | Place    | Note
-------+----------+-------------------------------------------
     0 | D:1      | protoss039 the Demonspawn Earth Elementalist began the
                  | quest for the Orb.
     0 | D:1      | Reached XP level 1. HP: 13/13 MP: 3/3
   228 | D:1      | Gained mutation: Your movements are slightly less
                  | encumbered by armour. (ER -2) [demonic ancestry]
   228 | D:1      | Reached XP level 2. HP: 20/20 MP: 3/5
   321 | D:1      | Reached skill level 1 in Fighting
  1021 | D:1      | Upgraded the game from 0.31-a0-881-ge136f0c47a to
                  | 0.31-a0-889-g1a8549509d
  1064 | D:1      | Learned a level 2 spell: Passwall
  1115 | D:2      | Reached XP level 3. HP: 26/26 MP: 3/6
  1397 | D:2      | Found Tyapryudgh's Antique Weapon Emporium.
  1612 | D:2      | Found a faded altar of an unknown god.
  1820 | D:2      | Learned a level 3 spell: Stone Arrow
  2009 | D:3      | Gained mutation: You have large cloven feet. [demonic
                  | ancestry]
  2009 | D:3      | Reached XP level 4. HP: 25/33 MP: 0/8
  2267 | D:3      | Found a glowing drain.
  2301 | Sewer    | Entered a sewer
  2368 | Sewer    | Gained mutation: You have hoof-like feet. [demonic
                  | ancestry]
  2368 | Sewer    | Reached XP level 5. HP: 39/39 MP: 5/9
  3608 | D:4      | Gained mutation: You regenerate magic rapidly. [demonic
                  | ancestry]
  3608 | D:4      | Reached XP level 6. HP: 24/47 MP: 3/11
  3610 | D:4      | Identified the +1 ring mail of Zin's Benevolence {rElec
                  | rF++ Dex+8}
  3632 | D:4      | Reached skill level 1 in Conjurations
  3704 | D:4      | Found a sand-covered staircase.
  3713 | Ossuary  | Entered an ossuary
  3750 | Ossuary  | HP: 2/47 [mummy (14)]
  3902 | Ossuary  | Reached skill level 1 in Armour
  4128 | D:4      | Reached XP level 7. HP: 38/53 MP: 6/12
  5356 | D:5      | Entered Level 5 of the Dungeon
  5356 | D:5      | Found a staircase to the Ecumenical Temple.
  5360 | D:5      | Reached XP level 8. HP: 61/61 MP: 4/14
  5470 | Temple   | Entered the Ecumenical Temple
  5482 | Temple   | Became a worshipper of Vehumet
  5514 | D:5      | Reached skill level 5 in Earth Magic
  5918 | D:5      | Reached skill level 1 in Transmutations
  6540 | D:6      | Reached skill level 5 in Fighting
  6540 | D:6      | Reached skill level 5 in Spellcasting
  6543 | D:6      | Reached skill level 1 in Shields
  6809 | D:6      | Reached * piety under Vehumet
  6809 | D:6      | Offered knowledge of Freeze by Vehumet.
  6813 | D:6      | Gained mutation: A weak demonic guardian rushes to your
                  | aid. [demonic ancestry]
  6813 | D:6      | Reached XP level 9. HP: 56/68 MP: 1/16
  6975 | D:6      | Found an ancient bone altar of Kikubaaqudgha.
  7093 | D:6      | Found an ornate altar of the Wu Jian Council.
  7695 | D:$      | Got out of the dungeon alive.

Illustrated notes

Levels and vault maps discovered:
D:1:      giann_horns, layout_basic
D:2:      layout_loops_cross, hellmonk_ecumenical_altar_blasted, serial_shops,
          shop
D:3:      layout_basic, cheibrodos_sewer_entry_bend
D:4:      old_forge, layout_basic, enter_ossuary_4, serial_demonic,
          serial_demonic_a, serial_demonic_c, serial_demonic_f, serial_demonic_g
D:5:      layout_cave_pods, minmay_temple_entry_offerings
D:6:      layout_loops_ring, old_standard_altar,
          nicolae_wu_jian_immortal_techniques
Temple:   nicolae_temple_bog_church

Skill      XL: |  1  2  3  4  5  6  7  8  9 |
---------------+----------------------------+-----
Fighting       | 1 2 3 4 5 |  5.2
Earth Magic    | 3 4 5 |  5.4
Spellcasting   | 3 4 5 |  5.2
Conjurations   | 2 3 |  3.7
Armour         | 1 3 4 |  4.8
Dodging        | 3 |  3.0
Transmutations | 1 |  1.0
Shields        | 1 2 |  2.0
Stealth        | |  1.7

Action                     |  1- 3 |  4- 6 |  7- 9 || total
---------------------------+-------+-------+-------++-------
  Melee: Spear             |    44 |    29 |       ||    73
         Club              |     2 |       |       ||     2
         Kick              |       |    20 |    20 ||    40
         Dagger            |       |    38 |    38 ||    76
         Punch             |       |     1 |     1 ||     2
         Falchion          |       |       |    26 ||    26
   Cast: Sandblast         |    48 |   119 |    62 ||   229
         Passwall          |       |     1 |       ||     1
         Stone Arrow       |       |     1 |    47 ||    48
  Evoke: Wand              |       |       |     2 ||     2
    Use: Scroll            |       |     4 |     2 ||     6
         Potion            |       |     2 |     3 ||     5
   Stab: Sleeping          |     3 |       |       ||     3
 Armour: Robe              |    36 |    83 |    50 ||   169
         Ring mail         |       |       |    43 ||    43
  Dodge: Dodged            |    38 |    99 |    93 ||   230
  Block: Buckler           |       |       |    15 ||    15

Table legend: (Time is in decaauts)
 A = Elapsed time spent in this place.
 B = Non-inter-level travel time spent in this place.
 C = Inter-level travel time spent in this place.
 D = Time resting spent in this place.
 E = Time spent auto-exploring this place.
 F = Levels seen in this place.
 G = Mean time per level.
                   A        B        C        D        E       F      G
               +--------+--------+--------+--------+--------+-----+--------+
         Total |   7891 |   7398 |    493 |    663 |   5169 |   9 |  876.8 |
       Dungeon |   6768 |   6297 |    471 |    564 |   4424 |   6 | 1128.0 |
        Temple |     24 |      2 |     22 |      0 |      0 |   1 |   24.0 |
         Sewer |    728 |    728 |      0 |      0 |    587 |   1 |  728.0 |
       Ossuary |    370 |    370 |      0 |     99 |    158 |   1 |  370.0 |
               +--------+--------+--------+--------+--------+-----+--------+

Top non-repeatable levels by time:
     D:4: 1389 daAuts
     D:3: 1300 daAuts
     D:5: 1141 daAuts
     D:1: 1138 daAuts
     D:6: 1058 daAuts
     D:2: 739 daAuts
   Sewer: 728 daAuts
 Ossuary: 370 daAuts
  Temple: 24 daAuts
